 Dungeon Crawl Stone Soup version 0.25-a0-23-gdc1bd94 (webtiles) character file.

Game seed: 12104185858046709808, levelgen mode: deterministic

14 robertstho the Grave Robber (level 2, 0/19 HPs)
             Began as a Mummy Necromancer on Oct 16, 2019.
             Killed from afar by a dart slug (6 damage)
             ... with a slug dart
             ... on level 1 of the Dungeon.
             The game lasted 00:01:04 (585 turns).

robertstho the Grave Robber (Mummy Necromancer)      Turns: 585, Time: 00:01:04

Health: 0/19       AC:  2    Str: 11    XL:     2   Next: 27%
Magic:  6/6        EV: 12    Int: 14    God:
Gold:   12         SH:  0    Dex: 12    Spells: 5/7 levels left

rFire    x . .     SeeInvis .   c - +0 dagger
rCold    + . .     Gourm    .   (no shield)
rNeg     + + +     Faith    .   a - +0 robe
rPois    ∞         Spirit   .   (no helmet)
rElec    .         Reflect  .   (no cloak)
rCorr    .         Harm     .   (no gloves)
MR       .....                  (no boots)
Stlth    ++........             (no amulet)
HPRegen  0.06/turn              (no ring)
MPRegen  0.10/turn              (no ring)

@: no status effects
A: no food or potions, fire vulnerability, cold resistance 1, negative energy
resistance 3, torment resistance, unbreathing
a: no special abilities


You were on level 1 of the Dungeon.
You were not hungry.

You visited 1 branch of the dungeon, and saw 1 of its levels.

You collected 12 gold pieces.

Inventory:

Hand Weapons
 c - a +0 dagger (weapon)
Armour
 a - a +0 robe (worn)
Scrolls
 b - a scroll of teleportation {unknown}
 d - a scroll of identify {unknown}


   Skills:
 + Level 1.6 Dodging
 + Level 1.5 Stealth
 + Level 3.1 Spellcasting
 + Level 4.3 Necromancy


You had 5 spell levels left.
You knew the following spells:

 Your Spells              Type           Power        Failure   Level  Hunger
a - Pain                  Necr           ##..         3%          1    N/A
b - Animate Skeleton      Necr           N/A          3%          1    N/A

Your spell library contained the following spells:

 Spells                   Type           Power        Failure   Level  Hunger
 Vampiric Draining        Necr           ##........   11%         3    N/A
 Animate Dead             Necr           N/A          34%         4    N/A
 Regeneration             Chrm/Necr      Unusable     N/A         3    N/A

Dungeon Overview and Level Annotations

Branches:
Dungeon (1/15)

Altars:


Innate Abilities, Weirdness & Mutations

You do not eat or drink.
Your flesh is vulnerable to fire.
You are immune to poison.
Your flesh is cold resistant. (rC+)
You are immune to negative energy. (rN+++)
You are immune to unholy pain and torment.
You can survive without breathing.


Message History

You swap places.
You swap places.
You see here a hobgoblin corpse.
Casting: Animate Skeleton (safe; 3% risk of failure)
Confirm with . or Enter, or press ? or * to list all spells.
You attempt to give life to the dead...
Before your eyes, flesh is ripped from the corpse!
The dead are walking!
You see here a chunk of flesh.
You swap places.
A dart slug comes into view.
A goblin comes into view. It is wielding a +0 club.
The goblin shouts!
You hear an angry hiss.
A leopard gecko comes into view.
Found a scroll labeled TECEF MOANLULI.
The dart slug launches a dart at you. The slug dart hits you.
The dart slug launches a dart at you. The slug dart hits you.
You die...

.....# ..#..#
#.#######.# #.#..#
##+#.........
#....#
#...........#
##...#
#...l.......+
#...#
#...........######
#...#
#...........##...#
#...#
..?..g......##Z#.#
#...#
.....w.@.......#.#
##..#
...########.####.#
#>.# #.# #.#
#Z.#.. $.# #Z#
#Z.#.. #### #Z#
###.Z#.. #.#######
.....#.# #.Z..ZZZ.
####Z#.# #########
#....#.# #########


You could see a dart slug, a leopard gecko, a goblin and a friendly hobgoblin
skeleton.

Vanquished Creatures
  A leopard gecko (D:1)
  A giant cockroach (D:1)
  A goblin (D:1)
  4 hobgoblins (D:1)
  A kobold (D:1)
  A ball python (D:1)
9 creatures vanquished.

Vanquished Creatures (collateral kills)
  A hobgoblin (D:1)
1 creature vanquished.

Grand Total: 10 creatures vanquished

Notes
Turn   | Place    | Note
-------+----------+-------------------------------------------
     0 | D:1      | robertstho the Mummy Necromancer began the quest for the
                  | Orb.
     0 | D:1      | Reached XP level 1. HP: 13/13 MP: 4/4
   214 | D:1      | Reached XP level 2. HP: 19/19 MP: 0/6
   426 | D:1      | Learned a level 1 spell: Animate Skeleton
   585 | D:1      | Killed from afar by a dart slug

Levels and vault maps discovered:
D:1:      minmay_arrival_nine_rooms, layout_basic, st_stairs_6,
          due_unseen_surprise

Skill      XL: |  1 |
---------------+----+-----
Spellcasting   | 3 |  3.1
Dodging        | |  1.6
Stealth        | |  1.5
Necromancy     | |  4.3

Action                   || total
-------------------------++-------
Melee: Unarmed           ||     2
       Dagger            ||    27
 Cast: Pain              ||    13
       Animate Skeleton  ||     3
Armor: Robe              ||     4
Dodge: Dodged            ||    20

Table legend:
 A = Non-vault XP
 B = Vault XP
 C = Vault XP percentage of total XP
 D = Non-vault monster count
 E = Vault monster count
 F = Vault count percentage of total count
                 A         B        C        D         E       F
            +---------+---------+-------+---------+---------+-------
      Total |      19 |       1 |   5.0 |       9 |       1 |  10.0
            +---------+---------+-------+---------+---------+-------
        D:1 |      19 |       1 |   5.0 |       9 |       1 |  10.0
            +---------+---------+-------+---------+---------+-------
